 Dungeon Crawl Stone Soup version 0.31.0 (webtiles) character file.

Game seed: 10089818705294972841

74 qw the Shooter (level 4, -10/28 HPs)
             Began as a Gargoyle Hunter on Jan 19, 2024.
             Killed from afar by Ijyb (12 damage)
             ... with a bolt of dispelling energy
             ... on level 3 of the Dungeon.
             The game lasted 00:00:05 (1961 turns).

qw the Shooter (Gargoyle Hunter)                    Turns: 1961, Time: 00:00:05

Health: -10/28     AC:  8    Str: 15    XL:     4   Next: 30%
Magic:  4/4        EV: 11    Int:  9    God:
Gold:   75         SH:  0    Dex: 15    Spells: 3/3 levels left

rFire   . . .        a - +0 shortbow
rCold   . . .        (shield currently unavailable)
rNeg    + . .        b - +0 ring mail
rPois   inf          (no helmet)
rElec   +            (no cloak)
rCorr   .            (no gloves)
SInv    .            (no boots)
Will    .....        (no amulet)
Stlth   +            (no ring)
HPRegen 0.24/turn    (no ring)
MPRegen 0.09/turn

%: no passive effects
@: no status effects
A: sickness immunity, AC +3, negative energy resistance 1, electricity
resistance, torment resistance 1, petrification resistance
a: no special abilities


You were on level 3 of the Dungeon.
You visited 1 branch of the dungeon, and saw 3 of its levels.

You collected 75 gold pieces.


Innate Abilities, Weirdness & Mutations

You are immune to sickness and miasma.
Your stone body is resilient. (AC +3)
You are immune to poison.
You resist negative energy. (rN+)
You are resistant to electric shocks. (rElec)
You are resistant to unholy torment.
You are immune to petrification.


   Skills:
 - Level 3.4 Fighting
 - Level 5.0 Ranged Weapons
 + Level 0.8 Armour
 - Level 1.5 Dodging
 - Level 1.1 Stealth


You had 3 spell levels left.
You didn't know any spells.
Your spell library was empty.

Inventory:

Hand Weapons
 a - a +0 shortbow (weapon)
Armour
 b - a +0 ring mail (worn)
Scrolls
 f - a scroll of vulnerability {unknown}
Potions
 c - a potion of resistance {unknown}
 d - a potion of ambrosia {unknown}
 e - a potion of cancellation {unknown}
 h - 3 potions of curing

Dungeon Overview and Level Annotations

Branches:
Dungeon (3/15)

Altars:
Hepliaklqana

Annotations:
D:3 Ijyb, Robin


Message History

You kill the goblin!
Ijyb, Robin, a goblin and a hobgoblin come into view.
Ijyb is wielding a +0 dagger and carrying a wand of quicksilver.
Ijyb shouts!
Robin shouts!
You hear a shout!
Ijyb zaps a wand.
The bolt of dispelling energy hits you!
Robin roars a battlecry!
The goblins go into a battle-frenzy!
The hobgoblin moves out of view.
You shoot an arrow. The arrow hits the goblin!
You kill the goblin!
A hobgoblin comes into view.
A goblin comes into view. It is wielding a +0 club. x2
You shoot an arrow. The goblin shouts!
The hobgoblin shouts!
The arrow hits Ijyb.
Ijyb is moderately wounded.
You hear a shout!
A goblin comes into view. It is wielding a +0 dagger.
You shoot an arrow. The arrow closely misses Ijyb.
The hobgoblin shouts!
You hear a shout!
A goblin comes into view. It is wielding a +0 club.
Ijyb zaps a wand.
The bolt of dispelling energy hits you!
Ouch! That really hurt!
Robin says, "My army is invincible!"
Robin throws the goblin at you!
You shoot an arrow. The arrow hits the goblin!
You kill the goblin!
You shoot an arrow. The arrow barely misses Ijyb.
The arrow closely misses the goblin.
A hobgoblin comes into view.
You shoot an arrow. The arrow barely misses Ijyb.
The arrow hits the hobgoblin.
The hobgoblin is heavily wounded.
Robin roars a battlecry!
The hobgoblin goes into a battle-frenzy!
You shoot an arrow. The arrow hits Ijyb but does no damage.
Ijyb is moderately wounded.
Robin throws the goblin at you!
Ijyb zaps a wand.
The bolt of dispelling energy hits you!
You die...

#.#.##.# #...#...#.
##.#.## #.....>..
......# #.#...#.#
#...... .. #...#.#
#..##.# ... ####...# #..
#.# #....#.....# #.. #.#
#.#..#.#...# #.###..##.#
#.#........#
...gg.g@#.###.#.#.##..##
....#g..g.............#
.).g.)...#........###.#
...g###.###.......###.#
..) #..#..#.........# .g
#..........####### #
#..######### #..# #..


You could see Ijyb (strong), Robin, 3 hobgoblins and 3 goblins.

Vanquished Creatures
  Natasha (D:2)
  An adder (D:2)
  A ribbon worm (D:2)
  3 dart slugs (D:2)
  3 bats
  4 endoplasms
  4 giant cockroaches
  6 goblins
  A ball python (D:2)
  A frilled lizard (D:3)
  3 kobolds (D:2)
  3 rats
31 creatures vanquished.

Notes
Turn   | Place    | Note
-------+----------+-------------------------------------------
     0 | D:1      | qw the Gargoyle Hunter began the quest for the Orb.
     0 | D:1      | Reached XP level 1. HP: 12/12 MP: 1/1
     0 | D:1      | 0 ||| qw: Version: 0.3-a-132-g3d54051
     0 | D:1      | 0 ||| qw: Game counter: 39
     0 | D:1      | 0 ||| qw: Melee chars always use a shield: true
     0 | D:1      | 0 ||| qw: God list: Okawaru
     0 | D:1      | 0 ||| qw: Allow faded altars: false
     0 | D:1      | 0 ||| qw: Do Orc after clearing Dungeon:15 true
     0 | D:1      | 0 ||| qw: Do second Lair branch before Depths: true
     0 | D:1      | 0 ||| qw: Lair rune preference: random
     0 | D:1      | 0 ||| qw: Goals: Normal
     0 | D:1      | 0 ||| PLANNING D:1-11
   451 | D:1      | You fall into a shaft and drop 1 floor!
   540 | D:2      | HP: 3/12 [kobold/+3 short sword (2)]
   542 | D:2      | Reached XP level 2. HP: 5/17 MP: 2/2
   607 | D:2      | Found a hazy altar of Hepliaklqana.
   638 | D:2      | 638 ||| FLEEEEING.
   643 | D:2      | 643 ||| STAIRDANCE
   859 | D:1      | 859 ||| READING 4 scrolls labelled MAISAF VUOV.
   859 | D:1      | 859 ||| IDENTIFYING sedimented pink potion
   860 | D:1      | 860 ||| READING 3 scrolls of identify.
   860 | D:1      | 860 ||| IDENTIFYING fizzy green potion
   861 | D:1      | 861 ||| READING 2 scrolls of identify.
   861 | D:1      | 861 ||| IDENTIFYING 2 cyan potions
   862 | D:1      | 862 ||| READING scroll of identify.
   862 | D:1      | 862 ||| IDENTIFYING scroll labelled XUNKEK ESIAD
   863 | D:1      | 863 ||| DROPPING scroll of butterflies.
   864 | D:1      | 864 ||| DROPPING potion of magic.
   865 | D:1      | 865 ||| DROPPING potion of attraction.
   866 | D:1      | 866 ||| DROPPING scroll of amnesia.
  1170 | D:2      | Found a faded altar of an unknown god.
  1207 | D:2      | Reached XP level 3. HP: 18/21 MP: 3/3
  1207 | D:2      | 1207 ||| FLEEEEING.
  1232 | D:2      | Reached skill level 5 in Ranged Weapons
  1359 | D:2      | Noticed Natasha
  1368 | D:2      | Killed Natasha
  1369 | D:2      | Reached skill level 3 in Fighting
  1369 | D:2      | Reached XP level 4. HP: 28/28 MP: 4/4
  1844 | D:2      | 1844 ||| UPGRADING to +0 ring mail.
  1854 | D:2      | 1854 ||| DROPPING +0 leather armour.
  1954 | D:3      | Noticed Ijyb
  1954 | D:3      | Noticed Robin
  1957 | D:3      | HP: 4/28 [Ijyb/bolt of dispelling energy (16)]
  1961 | D:3      | Killed from afar by Ijyb

Levels and vault maps discovered:
D:1:      dpeg_arrival_stone_temple_mockup, layout_loops_ring,
          nicolae_concentric_dashed_squares_mild, serial_park_tiny_pond
D:2:      layout_loops_corners, basic_altar, chequers_ecumenical_altar_island,
          roderic_serpentine_path, uniq_natasha
D:3:      layout_loops_ring, elyvilon_altar_3, uniq_ijyb,
          uniq_crazy_yiuf_cottage, uniq_robin, uniq_sigmund

Skill      XL: |  1  2  3 |
---------------+----------+-----
Ranged Weapons | 5 |  5.0
Fighting       | 3 |  3.4
Armour         | |  0.8
Dodging        | |  1.5
Stealth        | |  1.1

Action                     |  1- 3 |  4- 6 || total
---------------------------+-------+-------++-------
   Fire: Shortbow          |    86 |    20 ||   106
    Use: Scroll            |     4 |       ||     4
 Armour: Leather armour    |    17 |       ||    17
         Ring mail         |       |     4 ||     4
  Dodge: Dodged            |    16 |       ||    16

Table legend:
 A = Non-vault XP
 B = Vault XP
 C = Vault XP percentage of total XP
 D = Non-vault monster count
 E = Vault monster count
 F = Vault count percentage of total count
                 A         B        C        D         E       F
            +---------+---------+-------+---------+---------+-------
      Total |      62 |      45 |  42.1 |      25 |       6 |  19.4
            +---------+---------+-------+---------+---------+-------
        D:1 |      11 |       0 |   0.0 |       6 |       0 |   0.0
        D:2 |      46 |      35 |  43.2 |      15 |       1 |   6.2
        D:3 |       5 |      10 |  66.7 |       4 |       5 |  55.6
            +---------+---------+-------+---------+---------+-------
